 Dungeon Crawl Stone Soup version 0.28.0-53-g5a82cb258f (webtiles) character file.

Game seed: 17828882256946712809

31 Zeld the Gusty (level 3, -2/19 HPs)
             Began as a Tengu Air Elementalist on June 14, 2022.
             Slain by an orc
             ... wielding a +0 flail of protection
              (10 damage)
             ... on level 3 of the Dungeon.
             The game lasted 00:00:59 (1127 turns).

Zeld the Gusty (Tengu Air Elementalist)             Turns: 1127, Time: 00:01:00

Health: -2/19      AC:  2    Str:  8    XL:     3   Next: 22%
Magic:  2/7        EV: 12    Int: 17    God:
Gold:   55         SH:  0    Dex: 14    Spells: 4/7 levels left

rFire   . . .      SeeInvis .   (no weapon)
rCold   . . .      Faith    .   (no shield)
rNeg    . . .      Spirit   .   a - +0 robe
rPois   .          Reflect  .   (helmet restricted)
rElec   .          Harm     .   (no cloak)
rCorr   .          Rampage  .   (no gloves)
Will    .....                   (boots unavailable)
Stlth   ++........              (no amulet)
HPRegen 0.06/turn               (no ring)
MPRegen 0.10/turn               (no ring)

@: no status effects
A: beak, talons 3
a: no special abilities


You were on level 3 of the Dungeon.
You visited 1 branch of the dungeon, and saw 3 of its levels.

You collected 55 gold pieces.

Inventory:

Missiles
 e - 16 bolts
Armour
 a - a +0 robe (worn)
Scrolls
 b - a scroll of blinking {unknown}
 f - a scroll of teleportation {unknown}
Potions
 c - a potion of might {unknown}
 d - 2 potions of curing {unknown}
 g - a potion of heal wounds {unknown}


   Skills:
 - Level 2.1 Dodging
 - Level 2.0 Stealth
 * Level 2.6 Spellcasting
 + Level 2.2 Conjurations
 * Level 4.7 Air Magic


You had 4 spell levels left.
You knew the following spells:

 Your Spells              Type           Power      Damage    Failure   Level
a - Shock                 Conj/Air       56%        1d6       4%          1
b - Static Discharge      Conj/Air       14%        N/A       7%          2

Your spell library contained the following spells:

 Spells                   Type           Power      Damage    Failure   Level
 Magic Dart               Conj           36%        1d4       8%          1
 Swiftness                Air            18%        N/A       8%          3
 Mephitic Cloud           Conj/Pois/Air  10%        N/A       22%         3
 Airstrike                Air            9%         N/A       26%         4
 Call Imp                 Summ           2%         N/A       28%         2


Dungeon Overview and Level Annotations

Branches:
Dungeon (3/15)

Altars:


Innate Abilities, Weirdness & Mutations

You have a beak for a mouth.
You have claws for feet.


Message History

You closely miss the orc. Your kick misses the orc. You peck the orc.
The orc is lightly wounded.
The orc hits you but does no damage.
You barely miss the orc. Your kick misses the orc. The orc closely misses you.
You hit the orc.
The orc is lightly wounded.
The orc closely misses you.
You hit the orc but do no damage.
The orc is lightly wounded.
The orc hits you with a +0 whip.
You completely miss the orc.
The orc is lightly wounded.
The orc hits you with a +0 whip.
You hit the orc.
The orc is heavily wounded.
The orc closely misses you.
You hit the orc. You claw the orc.
You kill the orc!
You hit the kobold but do no damage. The kobold closely misses you.
You closely miss the kobold. You peck the kobold.
The kobold is moderately wounded.
The kobold closely misses you.
You miss the kobold. Your kick misses the kobold. You peck the kobold.
You kill the kobold!
You barely miss the orc. You claw the orc.
You kill the orc!
The zap hits the orc.
The orc is heavily wounded.
You hit the orc but do no damage. You peck the orc, but do no damage.
The orc is heavily wounded.
The orc hits you with a +0 flail of protection!
You hit the orc but do no damage. Your peck misses the orc.
The orc is heavily wounded.
The orc barely misses you.
You are too injured to fight recklessly!
You hit the orc but do no damage. You peck the orc, but do no damage.
The orc is heavily wounded.
The orc hits you with a +0 flail of protection!
Ouch! That really hurt!
You die...

..# .#. ###..### ....
........
##...####.#..###
.......<........
.######....######.###
+.............
####....######.####.
........@o)..†......
############........
......†........
...............
.......#######.
.#..... #.###.


.oo .. .K .# You could see an orc.

Vanquished Creatures
  An adder (D:3)
  A dart slug (D:1)
  3 orcs (D:3)
  A goblin (D:1)
  3 jackals (D:1)
  2 quokkas (D:1)
  4 ball pythons (D:1)
  A bat (D:1)
  A kobold (D:3)
  A rat (D:3)
18 creatures vanquished.

Notes
Turn   | Place    | Note
-------+----------+-------------------------------------------
     0 | D:1      | Zeld the Tengu Air Elementalist began the quest for the
                  | Orb.
     0 | D:1      | Reached XP level 1. HP: 10/10 MP: 4/4
   285 | D:1      | Reached XP level 2. HP: 3/15 MP: 0/6
   589 | D:1      | Learned a level 2 spell: Static Discharge
   848 | D:1      | Found a faded altar of an unknown god.
  1102 | D:3      | Reached XP level 3. HP: 19/19 MP: 2/7
  1127 | D:3      | Slain by an orc

Illustrated notes

Levels and vault maps discovered:
D:1:      roderic_dead_forest, layout_basic, dilly_ecumenical_altar_fadedgnrine
D:2:      layout_basic, minmay_hexomino_c4
D:3:      layout_basic, serial_shops, shop

Skill      XL: |  1  2 |
---------------+-------+-----
Conjurations   | 2 |  2.2
Dodging        | |  2.1
Stealth        | |  2.0
Spellcasting   | |  2.6
Air Magic      | |  4.7

Action                   || total
-------------------------++-------
Melee: Unarmed           ||    27
       Kick              ||     6
       Peck              ||     6
 Cast: Shock             ||    29
Armor: Robe              ||     8
Dodge: Dodged            ||    23
